 Dungeon Crawl Stone Soup version 0.31-a0-1591-g515db51633 (webtiles) character file.

Game seed: 1658451196004065221

29 Ofeo the Sneak (level 3, 30/30 HPs)
             Began as a Draconian Brigand on Jan 7, 2024.
             Quit the game on level 1 of the Dungeon.
             The game lasted 00:00:33 (600 turns).

Ofeo the Sneak (Draconian Brigand)                   Turns: 600, Time: 00:00:34

Health: 30/30      AC:  7    Str: 15    XL:     3   Next: 1%
Magic:  3/3        EV: 12    Int: 11    God:
Gold:   26         SH:  0    Dex: 12    Spells: 2/2 levels left

rFire   . . .        a - +3 dagger
rCold   . . .        (no shield)
rNeg    . . .        (body armour unavailable)
rPois   .            (helmet restricted)
rElec   .            b - +0 cloak
rCorr   .            (no gloves)
SInv    .            h - +0 pair of boots
Will    .....        (no amulet)
Stlth   ++           (no ring)
HPRegen 0.25/turn    (no ring)
MPRegen 0.08/turn

%: no passive effects
@: no status effects
A: AC +5, unfitting armour, cold-blooded
a: no special abilities


You were on level 1 of the Dungeon.
You visited 1 branch of the dungeon, and saw 1 of its levels.

You collected 26 gold pieces.

Inventory:

Hand Weapons
 a - a +3 dagger (weapon)
Missiles
 c - 9 poisoned darts (quivered)
 d - 3 curare-tipped darts
Armour
 b - a +0 cloak (worn)
 h - a +0 pair of boots (worn)
Scrolls
 e - a scroll of identify {unknown}
 g - a scroll of vulnerability
 i - a scroll of fog {unknown}
 j - a scroll of teleportation {unknown}
Potions
 f - a potion of cancellation {unknown}


   Skills:
 + Level 2.6 Fighting
 + Level 2.3 Short Blades
 + Level 2.1 Throwing
 + Level 1.3 Dodging
 + Level 3.8 Stealth


You had 2 spell levels left.
You didn't know any spells.
Your spell library was empty.

Dungeon Overview and Level Annotations

Branches:
Dungeon (1/15)

Altars:


Innate Abilities, Weirdness & Mutations

Your plain brown scales are hard. (AC +5)
You cannot fit into any form of body armour.
You are cold-blooded and may be slowed by cold attacks.


Message History

Found a stone staircase leading down.
A goblin comes into view. It is wielding a +0 dagger.
The goblin shouts!
You hear a loud squeak.
A goblin is nearby!
The goblin closely misses you.
You barely miss the goblin. The goblin hits you with a +0 dagger.
You take 1 damage, and have 24/25 hp.
You hit the goblin.
The goblin is heavily wounded.
The goblin hits you with a +0 dagger.
You take 1 damage, and have 23/25 hp.
You closely miss the goblin.
The goblin is heavily wounded.
The goblin hits you but does no damage.
You hit the goblin.
You kill the goblin!
A rat comes into view.
You have reached level 3!
Your experience leads to an increase in your attributes!
Increase (s)trength, (i)ntelligence, or (d)exterity?
You feel stronger. x2; Your scales feel tougher.
You regained 5 hp, and now have 28/30 hp.
MP restored: 3 You closely miss the rat.
The rat barely misses you.
You hit the rat.
You kill the rat!
No target in view!
No target in view!
No target in view!
No target in view!
No target in view!
No target in view!
No target in view!
No target in view!
No target in view!
j - a scroll labelled GUCERR KIFEU Health restored: 30 A quokka comes into view.
A quokka is nearby!
Are you sure you want to abandon this character and quit the game? (Confirm with "yes".)

##.#.##
#.#..
#.#.#.#
##'###
##.#.##
#..'..
#.###.#
#<.###
##.#.##
####≈≈
#.#.#.#
≈≈≈≈≈≈
##.#.##
...###
#.###.#
.. ##
#@##
#.#.#
..r ...
####
####


You could see a quokka (asleep).

Vanquished Creatures
  2 dart slugs (D:1)
  3 endoplasms (D:1)
  A giant cockroach (D:1)
  3 hobgoblins (D:1)
  A quokka (D:1)
  2 ball pythons (D:1)
  3 bats (D:1)
  A frilled lizard (D:1)
  5 goblins (D:1)
  A kobold (D:1)
  2 rats (D:1)
24 creatures vanquished.

Notes
Turn   | Place    | Note
-------+----------+-------------------------------------------
     0 | D:1      | Ofeo the Draconian Brigand began the quest for the Orb.
     0 | D:1      | Reached XP level 1. HP: 17/17 MP: 1/1
    99 | D:1      | Reached skill level 1 in Dodging
   188 | D:1      | Reached XP level 2. HP: 22/25 MP: 2/2
   567 | D:1      | Reached XP level 3. HP: 28/30 MP: 3/3
   600 | D:1      | Quit the game

Illustrated notes

Levels and vault maps discovered:
D:1:      heliophobic_arrival_glass_houses, layout_rooms, roderic_roman_lattice

Skill      XL: |  1  2 |
---------------+-------+-----
Dodging        | 1 |  1.3
Throwing       | 2 |  2.1
Fighting       | |  2.6
Short Blades   | |  2.3
Stealth        | |  3.8

Action                     || total
---------------------------++-------
  Melee: Dagger            ||    67
         Tailslap          ||     8
    Use: Scroll            ||     2
   Stab: Sleeping          ||     2
 Armour: Skin              ||    41
  Dodge: Dodged            ||    29

Table legend: (Time is in decaauts)
 A = Elapsed time spent in this place.
 B = Non-inter-level travel time spent in this place.
 C = Inter-level travel time spent in this place.
 D = Time resting spent in this place.
 E = Time spent auto-exploring this place.
 F = Levels seen in this place.
 G = Mean time per level.
                   A        B        C        D        E       F      G
               +--------+--------+--------+--------+--------+-----+--------+
         Total |    596 |    596 |      0 |      0 |    437 |   1 |  596.0 |
       Dungeon |    596 |    596 |      0 |      0 |    437 |   1 |  596.0 |
               +--------+--------+--------+--------+--------+-----+--------+

Top non-repeatable levels by time:
     D:1: 596 daAuts
